 Dungeon Crawl Stone Soup version 0.27.1 (webtiles) character file.

Game seed: 223065100271802876

2866 Kala the Ruffian (level 9, -9/78 (79) HPs)
             Began as a Troll Transmuter on Sept 1, 2021.
             Was an Initiate of Uskayaw.
             Mangled by Duvessa (10 damage)
             ... on level 7 of the Dungeon.
             The game lasted 00:36:25 (5851 turns).

Kala the Ruffian (Troll Transmuter)                 Turns: 5851, Time: 00:36:25

HP:   -9/78 (79)    AC:  2    Str: 20      XL:     9   Next: 47%
MP:   7/12          EV: 19    Int: 12      God:    Uskayaw [......]
Gold: 508           SH:  0    Dex:  9 (13) Spells: 8/14 levels left

rFire    + . .     SeeInvis .     - Unarmed
rCold    . . .     Faith    .   (shield currently unavailable)
rNeg     . . .     Spirit   .   (armour currently unavailable)
rPois    x         Reflect  .   (helmet currently unavailable)
rElec    .         Harm     .   (cloak currently unavailable)
rCorr    .         Rampage  .   (gloves unavailable)
Will     .....                  (boots unavailable)
Stlth    ++........             x - amulet of the acrobat
HPRegen  1.23/turn              d - ring of protection from fire
MPRegen  0.13/turn              n - ring of flight

@: lethally poisoned (-9 -> -45), spider-form (expiring), flying, lightly
drained
A: venomous fangs, tiny, unfitting armour, (claws 3), regeneration 1, (shaggy
fur 1), (tough skin 1), clumsy 1, deterioration 1
a: End Transformation, Renounce Religion


You were on level 7 of the Dungeon.
You worshipped Uskayaw.
Uskayaw was noncommittal.
You were a venomous arachnid creature.
You visited 1 branch of the dungeon, and saw 7 of its levels.

You collected 508 gold pieces.

Inventory:

Missiles
 c - a curare-tipped dart
 f - 8 silver javelins
 t - 23 poisoned darts (quivered)
Armour
 a - a +0 robe (melded)
 b - a +0 cloak (melded)
Jewellery
 d - a ring of protection from fire (left front leg)
 n - a ring of flight (right front leg)
 p - a +6 ring of intelligence
 x - an amulet of the acrobat (around neck)
Wands
 h - a wand of flame (10)
 o - a wand of mindburst (16)
Scrolls
 e - a scroll of magic mapping
 j - 2 scrolls of fog
 k - 2 scrolls of summoning
 m - 2 scrolls of teleportation
 q - a scroll of immolation
 u - 3 scrolls of enchant armour
 v - 2 scrolls of noise
 w - 2 scrolls of amnesia
 y - a scroll of enchant weapon
 z - 2 scrolls of holy word {unknown}
 A - a scroll of brand weapon
Potions
 g - a potion of heal wounds
 i - 2 potions of curing
 l - a potion of lignification
 r - a potion of flight
 s - a potion of haste


   Skills:
 + Level 1.7 Fighting
 + Level 3.3 Throwing
 + Level 4.5 Dodging
 + Level 2.0 Stealth
 + Level 7.5 Unarmed Combat
 + Level 3.1 Spellcasting
 + Level 3.6 Transmutations
 * Level 0.5 Poison Magic
 + Level 3.9 Invocations


You had 8 spell levels left.
You knew the following spells:

 Your Spells              Type           Power      Damage    Failure   Level
a - Beastly Appendage     Tmut           20%        N/A       16%         1
b - Wereblood             Tmut           10%        N/A       22%         2
c - Spider Form           Tmut/Pois      3%         N/A       52%         3

Your spell library contained the following spells:

 Spells                   Type           Power      Damage    Failure   Level
 Corona                   Hex            1%         N/A       45%         1
 Ensorcelled Hibernation  Hex/Ice        2%         N/A       58%         2
 Sublimation of Blood     Necr           0%         N/A       58%         2
 Inner Flame              Hex/Fire       1%         N/A       78%         3
 Stone Arrow              Conj/Erth      2%         3d7       78%         3
 Tukima's Dance           Hex            1%         N/A       78%         3
 Ice Form                 Ice/Tmut       6%         N/A       89%         4
 Petrify                  Tmut/Erth      6%         N/A       89%         4
 Cause Fear               Hex            0%         N/A       98%         4
 Irradiate                Conj/Tmut      3%         3d14      99%         5
 Bolt of Magma            Conj/Fire/Erth 0%         4d4       100%        5
 Discord                  Hex            0%         N/A       100%        8
 Shatter                  Erth           0%         3d5*      100%        9


Dungeon Overview and Level Annotations

Branches:
Dungeon (7/15)
 Temple: D:4-7

Altars:
Fedhas
Nemelex Xobeh
Ru
Sif Muna
Trog
Uskayaw
Wu Jian
Xom

Annotations:
D:7 Dowan, Duvessa


Innate Abilities, Weirdness & Mutations

You are a venomous arachnid creature.
You have poisonous fangs.
You are tiny and dextrous.
Your spellcasting is less reliable in this form.
Your armour is entirely melded.
You are incapable of wielding weapons or throwing items.
You are too large for most types of armour.
((You have claws for hands.))
Your natural rate of healing is unusually fast.
((You are covered in fur. (AC +1)))
((You have tough skin. (AC +1)))
You are clumsy. (Dex -2)
Your body sometimes deteriorates upon taking damage.


Message History

You hit Duvessa but do no damage.
Duvessa is lightly wounded.
Your transformation is almost over.
You feel extremely sick.
Dowan says, "Magic and the sword, together, will defeat you."
Duvessa closely misses you.
You barely miss Duvessa.
Duvessa is lightly wounded.
You feel extremely sick. Duvessa barely misses you.
Dowan points at you and mumbles some strange words.
The puff of flame misses you.
The puff of flame hits Duvessa.
You are too injured to fight recklessly!
You are too injured to fight recklessly!
You are too injured to fight recklessly!
You are too injured to fight recklessly!
You are too injured to fight recklessly!
You are too injured to fight recklessly!
Your body deteriorates!
You feel clumsy.
You feel extremely sick.
Dowan hits you with a +2 dagger of venom.
You are lethally poisoned!
Duvessa completely misses you.
You barely miss Dowan.
* * * LOW HITPOINT WARNING * * *
You feel extremely sick.
Duvessa hits you with a +0 short sword of venom.
* * * LOW HITPOINT WARNING * * *
You are more poisoned.
Dowan barely misses you.
You stomp with the beat, sending a shockwave through the revellers around you!
Dowan is moderately wounded.
Duvessa is heavily wounded.
You can no longer stomp with the beat.
* * * LOW HITPOINT WARNING * * *
You feel extremely sick.
Duvessa says, "Where magic fails, the sword succeeds!"
Duvessa hits you with a +0 short sword of venom!
You die...
Xom chortles!

##................#
##. ...............#
#..##.##...........#
#...#.#...(....[...##
# #.....#.+###'#....#
#.##...##......#....#
#...._.........#....#
#.##e..##......#....#
##.#.s...#......#....#
#...e#.#(.......#....#
#...##.##...#####....#
#.#. .....##..........
# ##.....###..........
###### #.........<
#..........
##+#######. #.


You could see Duvessa (fast, very poisoned) and Dowan.

Vanquished Creatures
  Pikel (D:5)
  Sigmund (D:4)
  A steam dragon (D:4)
  A water moccasin (D:6)
  A necrophage (D:4)
  An orc warrior (D:6)
  3 ogres
  A phantom (D:6)
  Blork the orc (D:4)
  A kobold brigand (D:6)
  A bullfrog (D:7)
  A scorpion (D:6)
  5 killer bees (D:5)
  A water moccasin skeleton (D:5)
  2 electric eels (D:6)
  5 wights (D:7)
  A centaur zombie (D:5)
  2 jellies
  An orc priest (D:6)
  2 centaur skeletons
  2 hounds (D:6)
  2 bullfrog skeletons
  A scorpion zombie (D:5)
  2 iguanas
  Natasha (twice) (D:4)
  3 orc wizards (D:6)
  13 adders
  A white imp (D:7)
  7 dart slugs
  2 worms
  4 orcs (D:6)
  10 ball pythons
  5 endoplasms
  7 giant cockroaches
  14 goblins
  6 hobgoblins
  6 quokkas
  4 bats
  A frilled lizard (D:2)
  9 kobolds
  5 rats
139 creatures vanquished.

Vanquished Creatures (others)
  21 plants
21 creatures vanquished.

Grand Total: 160 creatures vanquished

Notes
Turn   | Place    | Note
-------+----------+-------------------------------------------
     0 | D:1      | Kala the Troll Transmuter began the quest for the Orb.
     0 | D:1      | Reached XP level 1. HP: 18/18 MP: 1/1
    99 | D:1      | Reached XP level 2. HP: 26/26 MP: 0/2
   105 | D:1      | Learned a level 2 spell: Wereblood
   157 | D:1      | Found a faded altar of an unknown god.
   171 | D:1      | Became a worshipper of Xom of Chaos
   438 | D:1      | Reached XP level 3. HP: 30/32 MP: 0/4
   717 | D:2      | XOM: silly message
   824 | D:2      | XOM: silly message
  1118 | D:2      | XOM: stat loss: -1 Dex (9/10)
  1377 | D:2      | Reached XP level 4. HP: 35/40 MP: 3/5
  1693 | D:2      | Reached XP level 5. HP: 42/46 MP: 6/6
  1768 | D:2      | XOM: god gift: 30 gold pieces
  1823 | D:3      | Found a hide-covered altar of Uskayaw.
  1839 | D:3      | Fell from the grace of Xom
  1839 | D:3      | Became a worshipper of Uskayaw the Reveller
  1996 | D:3      | Learned a level 3 spell: Spider Form
  2025 | D:3      | Reached skill level 1 in Throwing
  2039 | D:3      | Reached * piety under Uskayaw
  2241 | D:3      | Reached skill level 4 in Unarmed Combat
  2259 | D:3      | Found a bloodstained altar of Trog.
  2297 | D:3      | Reached ** piety under Uskayaw
  2299 | D:3      | Reached *** piety under Uskayaw
  2300 | D:3      | Reached skill level 1 in Fighting
  2318 | D:3      | XOM: scenery: 2 doors close
  2440 | D:4      | Noticed a steam dragon
  2447 | D:4      | Killed a steam dragon
  2448 | D:4      | Reached skill level 1 in Invocations
  2448 | D:4      | Reached XP level 6. HP: 32/55 MP: 6/8
  2497 | D:4      | Reached skill level 1 in Stealth
  2540 | D:4      | Found an ornate altar of the Wu Jian Council.
  2699 | D:4      | Found a shimmering blue altar of Sif Muna.
  2817 | D:4      | Noticed Blork the orc
  2817 | D:4      | Noticed Sigmund
  2859 | D:4      | Killed Blork the orc
  2860 | D:4      | Reached skill level 5 in Unarmed Combat
  2860 | D:4      | Reached XP level 7. HP: 54/62 MP: 6/9
  2867 | D:4      | Killed Sigmund
  2867 | D:4      | Reached **** piety under Uskayaw
  2894 | D:4      | Noticed Natasha
  2900 | D:4      | Killed Natasha
  3119 | D:4      | Noticed Natasha
  3129 | D:4      | Killed Natasha
  3206 | D:5      | Entered Level 5 of the Dungeon
  3465 | D:5      | Reached XP level 8. HP: 27/70 MP: 7/10
  3728 | D:5      | XOM: stat loss: -1 Dex (9/10)
  3734 | D:5      | Noticed Pikel
  3746 | D:5      | Killed Pikel
  3747 | D:5      | Reached skill level 6 in Unarmed Combat
  3825 | D:5      | XOM: polymorph adder -> bat
  3869 | D:5      | XOM: summons 3 hostile demons
  4335 | D:6      | Found a sacrificial altar of Ru.
  4335 | D:6      | Found a blossoming altar of Fedhas.
  4465 | D:6      | Reached XP level 9. HP: 53/78 MP: 12/12
  4589 | D:6      | Reached skill level 7 in Unarmed Combat
  4788 | D:6      | XOM: give mutations
  4788 | D:6      | Gained mutation: Your body sometimes deteriorates upon
                  | taking damage. [Xom's mischief]
  4788 | D:6      | Gained mutation: You are clumsy. (Dex -2) [Xom's mischief]
  5657 | D:7      | Reached ***** piety under Uskayaw
  5829 | D:7      | Found a sparkling altar of Nemelex Xobeh.
  5835 | D:7      | XOM: stat loss: -3 Dex (5/8)
  5840 | D:7      | Noticed Duvessa
  5841 | D:7      | Noticed Dowan
  5851 | D:7      | HP: 1/78 [poisoned by Duvessa]
  5851 | D:7      | Mangled by Duvessa

Illustrated notes

Levels and vault maps discovered:
D:1:      ncdulo_lavacross, layout_rooms,
          shapermc_ecumenical_altar_mp_highgroup, chequers_serial_rivers_room_a,
          chequers_jeans
D:2:      layout_basic, minmay_snake_closets
D:3:      layout_rooms, trog_book, nicolae_uskayaw_dance_hall,
          kennysheep_big_empty_room
D:4:      kennysheep_slugbush, layout_loops_ring, mainiacjoe_overflow_alcove_2,
          mainiacjoe_overflow_paths, serial_bayou_pond_c,
          kennysheep_generic_room_5, uniq_natasha, uniq_blork_the_orc,
          uniq_sigmund
D:5:      layout_cave_pods, uniq_pikel
D:6:      layout_basic, jmf_multi_god_temple, serial_bayou_lake_a
D:7:      minmay_chambers_of_sixes, layout_gridville,
          mainiacjoe_overflow_small_starburst, temple_fountains, uniq_duvessa

Skill      XL: |  1  2  3  4  5  6  7  8  9 |
---------------+----------------------------+-----
Dodging        | 2 3 4 |  4.5
Transmutations | 2 3 |  3.6
Throwing       | 1 3 |  3.3
Unarmed Combat | 4 5 6 7 |  7.5
Fighting       | 1 |  1.7
Spellcasting   | 2 3 |  3.1
Invocations    | 1 2 3 |  3.9
Stealth        | 1 2 |  2.0
Poison Magic   | |  0.5

Action                   |  1- 3 |  4- 6 |  7- 9 || total
-------------------------+-------+-------+-------++-------
Melee: Unarmed           |    85 |   115 |   217 ||   417
       Kick              |    10 |    22 |    30 ||    62
       Headbutt          |     6 |    12 |    18 ||    36
       Punch             |       |     2 |     5 ||     7
Throw: Stone             |    48 |     9 |       ||    57
       Dart              |       |       |    48 ||    48
 Cast: Beastly Appendage |    21 |    12 |    33 ||    66
       Spider Form       |       |     1 |     1 ||     2
       Wereblood         |       |       |     1 ||     1
Invok: Stomp             |       |       |     1 ||     1
  Use: Potion            |       |     1 |     9 ||    10
       Scroll            |       |     4 |     6 ||    10
 Stab: Sleeping          |       |     4 |     1 ||     5
       Paralysed         |       |     4 |     4 ||     8
       Distracted        |       |       |     1 ||     1
Armor: Robe              |    31 |    50 |    57 ||   138
Dodge: Dodged            |    30 |    67 |   118 ||   215
